[Event "Titled Tuesday Blitz March 21 Late 2023"]
[White "Richter, Paul"]
[Black "Carlsen, Magnus"]
[WhiteFideId "2046350"]
[BlackFideId "1503014"]
[WhiteElo "2539"]
[BlackElo "2852"]
[Result "0-1"]
[Round "01"]
[TimeControl "180+2"]
[Date "2023.03.21"]
[WhiteClock "0:00:02"]
[BlackClock "0:00:45"]

1. e4 c5 2. Nf3 d6 3. d4 cxd4 4. Nxd4 Nf6 5. Nc3 a6 6. Be2 e5 7. Nb3 Be7 8. g4 h6 9. Be3 Be6 10. Bf3 Nbd7 11. Qe2 Rc8 12. O-O-O Rxc3 13. bxc3 Qc7 14. h4 Nb6 15. Bxb6 Qxb6 16. g5 Nd7 17. Bg4 Nf8 18. Bxe6 Nxe6 19. Qc4 hxg5 20. hxg5 Bxg5+ 21. Kb2 Rf8 22. Qc8+ Ke7 23. Qc4 Rd8 24. Rh3 Qxf2 25. Qb4 b6 26. Qa4 Qe2 27. Rhh1 Qb5 28. Qb4 Bf4 29. a4 Qxb4 30. cxb4 g5 31. Nd2 Bxd2 32. Rxd2 Nf4 33. Rg1 Rg8 34. Rgd1 Rg6 35. c4 g4 36. b5 a5 37. c5 dxc5 38. Rd7+ Kf6 39. R1d6+ Kg5 40. Rxg6+ fxg6 41. Rd6 g3 42. Rd2 g2 43. Rd1 0-1


[Site "https://www.chess.com"]

[Event "Titled Tuesday Blitz March 21 Late 2023"]
[White "Naroditsky, Daniel"]
[Black "Yelisieiev, Yevhenii"]
[WhiteFideId "2026961"]
[BlackFideId "14139642"]
[WhiteElo "2633"]
[BlackElo "2447"]
[Result "1-0"]
[Round "01"]
[TimeControl "180+2"]
[Date "2023.03.21"]
[WhiteClock "0:00:35"]
[BlackClock "0:00:06"]

1. d4 d6 2. Nf3 Nf6 3. Bg5 Nbd7 4. e3 e5 5. Nbd2 Be7 6. Bd3 O-O 7. O-O c6 8. c3 Re8 9. e4 h6 10. Bh4 Qc7 11. Re1 Nf8 12. Nc4 Bd8 13. Bc2 exd4 14. Qxd4 d5 15. Bg3 Ne6 16. Qd2 Qe7 17. Bd6 Nxe4 18. Bxe4 Qf6 19. Be5 Qe7 20. Nd6 dxe4 21. Nxe8 exf3 22. Nxg7 Nxg7 23. Bxg7 Qg5 24. Qxg5 Bxg5 25. Bd4 Bg4 26. h3 Bh5 27. g4 Bg6 28. Be3 Rd8 29. Bxg5 hxg5 30. Rad1 Rxd1 31. Rxd1 Be4 32. Rd4 Bd5 33. c4 Be6 34. b3 Kf8 35. Rd3 Ke7 36. Rxf3 b6 37. Kf1 c5 38. Ke2 Kd6 39. Re3 a6 40. Re4 b5 41. Kd3 bxc4+ 42. bxc4 Kc6 43. Re5 Kd6 44. Rxg5 Ke7 45. Rxc5 Kd6 46. Kd4 Bd7 47. Rd5+ Ke7 48. Rxd7+ Kxd7 49. Kd5 Ke7 50. h4 Kd7 51. c5 Ke7 52. h5 Kf6 53. c6 1-0


[Site "https://www.chess.com"]

[Event "Titled Tuesday Blitz March 21 Late 2023"]
[White "Reprintsev, Alexander"]
[Black "Andreikin, Dmitry"]
[WhiteFideId "14100541"]
[BlackFideId "4158814"]
[WhiteElo "2229"]
[BlackElo "2736"]
[Result "0-1"]
[Round "01"]
[TimeControl "180+2"]
[Date "2023.03.21"]
[WhiteClock "0:01:36"]
[BlackClock "0:00:59"]

1. e4 c5 2. b3 b6 3. d4 cxd4 4. Qxd4 Nc6 5. Qd2 Nf6 6. Nc3 e5 7. Bb2 Bb4 8. f3 d5 9. a3 Bxc3 10. Qxc3 Bb7 11. exd5 Nxd5 12. Qd2 O-O 13. O-O-O Nf4 14. g3 Ne6 15. Qxd8 Rfxd8 16. Re1 Rac8 17. Bc4 Ned4 18. Re3 b5 19. Bd3 Nxb3+ 20. cxb3 Nb4+ 21. Kd2 Rc2+ 22. Ke1 Nxd3+ 0-1


[Site "https://www.chess.com"]

[Event "Titled Tuesday Blitz March 21 Late 2023"]
[White "Erigaisi Arjun"]
[Black "Roebers, Eline"]
[WhiteFideId "35009192"]
[BlackFideId "1058401"]
[WhiteElo "2737"]
[BlackElo "2537"]
[Result "1-0"]
[Round "01"]
[TimeControl "180+2"]
[Date "2023.03.21"]
[WhiteClock "0:01:48"]
[BlackClock "0:00:04"]

1. b3 f5 2. Bb2 Nf6 3. g3 e6 4. Bg2 Be7 5. Nh3 O-O 6. O-O d6 7. d4 Qe8 8. c4 Bd8 9. Nc3 e5 10. dxe5 dxe5 11. Ba3 Rf7 12. Nd5 c6 13. Nxf6+ Bxf6 14. Qc2 Be6 15. Rad1 Nd7 16. f4 e4 17. Ng5 Bxg5 18. fxg5 Ne5 19. Qc3 Ng6 20. h4 Rd8 21. h5 Nf8 22. h6 Rxd1 23. Rxd1 Bd7 24. hxg7 Ne6 25. Qe5 f4 26. Bxe4 fxg3 27. g6 Rxg7 28. gxh7+ Kh8 29. Bb2 Qe7 30. Rxd7 Qxd7 31. Qb8+ Nd8 32. Bxg7+ Kxg7 33. Qe5+ 1-0


[Site "https://www.chess.com"]

[Event "Titled Tuesday Blitz March 21 Late 2023"]
[White "Karas, Marek"]
[Black "Duda, Jan-Krzysztof"]
[WhiteFideId "14928558"]
[BlackFideId "1170546"]
[WhiteElo "2233"]
[BlackElo "2790"]
[Result "0-1"]
[Round "01"]
[TimeControl "180+2"]
[Date "2023.03.21"]
[WhiteClock "0:00:23"]
[BlackClock "0:02:09"]

1. d4 Nf6 2. Nf3 g6 3. Bg5 Bg7 4. Nbd2 d5 5. e3 O-O 6. Bd3 c5 7. c3 b6 8. O-O Ba6 9. Bxa6 Nxa6 10. Qe2 Qc8 11. e4 cxd4 12. e5 dxc3 13. exf6 exf6 14. bxc3 fxg5 15. Nxg5 Nc5 16. Rac1 Na4 17. c4 Nc3 18. Qf3 Nxa2 19. Rc2 Nb4 20. Rcc1 Qf5 21. Qg3 Nd3 22. Rb1 Nf4 23. Kh1 Nh5 24. Qh4 Bf6 25. f4 h6 26. g4 hxg5 27. Qh3 Nxf4 28. gxf5 Nxh3 29. cxd5 Nf4 0-1


[Site "https://www.chess.com"]

[Event "Titled Tuesday Blitz March 21 Late 2023"]
[White "Svane, Rasmus"]
[Black "Romkachess"]
[WhiteFideId "4657101"]
[WhiteElo "2597"]
[BlackElo "2533"]
[Result "1-0"]
[Round "01"]
[TimeControl "180+2"]
[Date "2023.03.21"]
[WhiteClock "0:01:01"]
[BlackClock "0:00:04"]

1. Nf3 Nf6 2. g3 b6 3. Bg2 Bb7 4. O-O e6 5. c4 Be7 6. d4 O-O 7. Re1 d6 8. Nc3 Ne4 9. Qc2 Nxc3 10. Ng5 Bxg5 11. Bxg5 Nxe2+ 12. Rxe2 Qxg5 13. Bxb7 Nd7 14. Bxa8 Rxa8 15. Qa4 Nf6 16. Qc6 Rc8 17. Qb7 Rf8 18. Qxc7 d5 19. cxd5 Nxd5 20. Qxa7 Qg4 21. Rd2 h5 22. h4 Qf3 23. Qa3 Qg4 24. Rc1 Nf4 25. Qe3 Nd5 26. Qe2 Qg6 27. Rdc2 f5 28. Rc8 f4 29. Rxf8+ Kxf8 30. Rc8+ Kf7 31. Qc2 Qg4 32. Rc7+ Nxc7 33. Qxc7+ Kg8 34. Qxf4 Qd1+ 35. Kg2 Qc2 36. Qb8+ Kh7 37. Qxb6 Qe4+ 38. Kh2 Qf5 39. d5 Qxd5 40. a4 Qa2 41. a5 e5 42. a6 e4 43. a7 1-0


[Site "https://www.chess.com"]

[Event "Titled Tuesday Blitz March 21 Late 2023"]
[White "Mortazavi, Ali"]
[Black "Firouzja, Alireza"]
[WhiteFideId "401323"]
[BlackFideId "12573981"]
[WhiteElo "2339"]
[BlackElo "2904"]
[Result "1-0"]
[Round "01"]
[TimeControl "180+2"]
[Date "2023.03.21"]
[WhiteClock "0:00:09"]
[BlackClock "0:00:03"]

1. e4 c5 2. Nc3 g6 3. g3 Bg7 4. Bg2 Nc6 5. d3 Rb8 6. Be3 d6 7. Qd2 h5 8. h3 b5 9. Nd1 e5 10. Ne2 Nge7 11. O-O h4 12. g4 f5 13. gxf5 gxf5 14. f4 fxe4 15. dxe4 exf4 16. Bxf4 Be5 17. Ne3 Rg8 18. Nf5 Nxf5 19. exf5 Bxf5 20. Kh1 Qd7 21. Bxe5 Nxe5 22. Nf4 Rf8 23. Rfe1 Rd8 24. Rad1 Kf7 25. Qe2 Kg8 26. Bd5+ Kh8 27. Rg1 Rf6 28. Rg5 Rh6 29. Rdg1 Bh7 30. Rxe5 Rf8 31. Re7 Qf5 32. Qg2 Bg6 33. Nxg6+ Rxg6 34. Qxg6 Qxd5+ 35. Qg2 Qxg2+ 36. Kxg2 1-0


[Site "https://www.chess.com"]

[Event "Titled Tuesday Blitz March 21 Late 2023"]
[White "Paravyan, David"]
[Black "Martic, Ivan"]
[WhiteFideId "4194985"]
[BlackFideId "929301"]
[WhiteElo "2577"]
[BlackElo "2360"]
[Result "1-0"]
[Round "01"]
[TimeControl "180+2"]
[Date "2023.03.21"]
[WhiteClock "0:02:00"]
[BlackClock "0:00:12"]

1. Nf3 Nf6 2. c4 g6 3. Nc3 Bg7 4. e4 d6 5. d4 O-O 6. Be2 e5 7. O-O Nc6 8. d5 Ne7 9. a3 c5 10. b4 b6 11. Rb1 Ne8 12. bxc5 bxc5 13. Ne1 f5 14. Nd3 Nf6 15. f3 f4 16. Bd2 g5 17. Nf2 h5 18. h3 Ng6 19. Qa4 Bd7 20. Qa6 Ne8 21. Rb3 Rf6 22. Rfb1 Nc7 23. Qa5 Ne7 24. Rb7 Ne8 25. Qxd8 Rxd8 26. Rxa7 Nc8 27. Ra8 Nc7 28. Rab8 Rff8 29. R1b7 Na6 30. Ra8 1-0


[Site "https://www.chess.com"]

[Event "Titled Tuesday Blitz March 21 Late 2023"]
[White "Arencibia Monduy, Antonio"]
[Black "Fedoseev, Vladimir"]
[WhiteFideId "3507939"]
[BlackFideId "24130737"]
[WhiteElo "2527"]
[BlackElo "2752"]
[Result "0-1"]
[Round "01"]
[TimeControl "180+2"]
[Date "2023.03.21"]
[WhiteClock "0:00:03"]
[BlackClock "0:00:27"]

1. e4 c6 2. d4 d5 3. exd5 cxd5 4. Bd3 Nc6 5. Nf3 e6 6. O-O Bd6 7. c3 Nge7 8. Re1 O-O 9. Nbd2 f6 10. Qc2 g6 11. a3 e5 12. dxe5 fxe5 13. Bb5 e4 14. Nxe4 dxe4 15. Qxe4 Nf5 16. Bg5 Qc7 17. Rad1 Kh8 18. g4 Ng7 19. Bh6 Bf4 20. Ng5 Bxg4 21. f3 Qb6+ 22. Kg2 Qxb5 23. Rd5 Qxb2+ 24. Re2 Qxc3 25. fxg4 Bxg5 26. Rxg5 Rae8 27. Bxg7+ Kxg7 28. Rc2 Qf6 29. Qd5 Qf1+ 30. Kg3 Re3+ 0-1


[Site "https://www.chess.com"]

[Event "Titled Tuesday Blitz March 21 Late 2023"]
[White "Bortnyk, Olexandr"]
[Black "Omelja, Artem"]
[WhiteFideId "14120828"]
[BlackFideId "14119846"]
[WhiteElo "2734"]
[BlackElo "2404"]
[Result "1-0"]
[Round "01"]
[TimeControl "180+2"]
[Date "2023.03.21"]
[WhiteClock "0:00:42"]
[BlackClock "0:00:02"]

1. d4 Nf6 2. Nc3 d5 3. Bf4 c6 4. e3 g6 5. h4 h5 6. Nf3 Bg7 7. Qd2 Bf5 8. Ne5 Nbd7 9. Bd3 Ne4 10. Bxe4 dxe4 11. Nxd7 Qxd7 12. O-O-O Qe6 13. Kb1 O-O 14. Na4 b6 15. Qb4 Rfc8 16. Qb3 Qd7 17. Nc3 Be6 18. Qa3 Bd5 19. f3 Qe6 20. Rhf1 a5 21. Na4 Ra6 22. b3 exf3 23. gxf3 Qh3 24. e4 Qxh4 25. Be3 Be6 26. Rg1 Qh3 27. Rdf1 c5 28. dxc5 b5 29. Nb6 Rd8 30. c6 Qh4 31. c7 Re8 32. Rd1 b4 33. Qa4 Rf8 34. Qb5 Ra7 35. c8=Q Bxc8 36. Nxc8 Rc7 37. Nb6 Rb8 38. Qxa5 Rcb7 39. Nd5 e6 40. Nf4 Qf6 41. e5 Qxe5 42. Qxe5 Bxe5 43. Nxh5 Ra8 44. Bd4 Bh2 45. Nf6+ Kf8 46. Rh1 e5 47. Rxh2 Rd8 48. Bc5+ Kg7 49. Rxd8 1-0


[Site "https://www.chess.com"]

[Event "Titled Tuesday Blitz March 21 Late 2023"]
[White "Kozlov, Gennady"]
[Black "Matlakov, Maxim"]
[WhiteFideId "4191668"]
[BlackFideId "4168003"]
[WhiteElo "2356"]
[BlackElo "2666"]
[Result "1/2-1/2"]
[Round "01"]
[TimeControl "180+2"]
[Date "2023.03.21"]
[WhiteClock "0:01:32"]
[BlackClock "0:00:07"]

1. b3 d5 2. Bb2 Bf5 3. e3 e6 4. f4 Nf6 5. Nf3 h6 6. Be2 Be7 7. O-O O-O 8. d3 c5 9. Qe1 Nc6 10. Ne5 Rc8 11. Nd2 Nxe5 12. Bxe5 Nd7 13. Bb2 Bf6 14. Bxf6 Nxf6 15. h3 Bh7 16. Nf3 Re8 17. Ne5 Nd7 18. Nxd7 Qxd7 19. Qf2 e5 20. f5 f6 21. Bh5 Red8 22. g4 Kf8 23. h4 Qe7 24. Qg3 Bg8 25. Bg6 Bf7 26. Rf2 c4 27. g5 fxg5 28. hxg5 Qxg5 29. Qxg5 hxg5 30. Rg2 cxd3 31. cxd3 Rc3 32. Rd1 Rdc8 33. Rxg5 Rc1 34. Rxc1 Rxc1+ 35. Kf2 Rc2+ 36. Kf3 Rxa2 37. Rh5 Ra6 38. Rh8+ Ke7 39. Bxf7 Kxf7 40. Rd8 Rb6 41. Rxd5 Kf6 42. Ke4 Rb4+ 43. d4 exd4 44. exd4 Rxb3 45. Rd6+ Ke7 46. Rg6 Kf7 47. d5 a5 48. d6 Rb4+ 49. Ke5 Rb5+ 50. Ke4 Rb1 51. Re6 Re1+ 52. Kd5 Rd1+ 53. Kc5 a4 54. Re7+ Kf6 55. Rxb7 a3 56. Ra7 Rd3 57. Kc6 Rc3+ 58. Kb7 Rb3+ 59. Kc7 Rc3+ 60. Kb8 Rb3+ 61. Kc8 Rc3+ 62. Kd8 Kxf5 63. Rxg7 a2 64. Ra7 Rc2 65. d7 Kg6 66. Ke8 Re2+ 67. Kf8 Rf2+ 68. Ke7 Re2+ 69. Kd6 Rd2+ 70. Kc6 Rc2+ 71. Kb5 Rb2+ 72. Kc4 Rd2 73. Rxa2 Rxd7 1/2-1/2


[Site "https://www.chess.com"]

[Event "Titled Tuesday Blitz March 21 Late 2023"]
[White "Bluebaum, Matthias"]
[Black "Korkmaz, Necmettin"]
[WhiteFideId "24651516"]
[BlackFideId "6303285"]
[WhiteElo "2638"]
[BlackElo "2097"]
[Result "1-0"]
[Round "01"]
[TimeControl "180+2"]
[Date "2023.03.21"]
[WhiteClock "0:01:54"]
[BlackClock "0:02:09"]

1. d4 d5 2. c4 c6 3. Nf3 Nf6 4. Nc3 e6 5. Qc2 Nbd7 6. e4 dxe4 7. Nxe4 Nxe4 8. Qxe4 Bb4+ 9. Bd2 Bxd2+ 10. Nxd2 O-O 11. Be2 Re8 12. f4 c5 13. O-O-O cxd4 14. Qxd4 Nf6 15. Qxd8 Rxd8 16. Bf3 Rb8 17. Ne4 Bd7 18. Nc5 Bc6 19. Rxd8+ Rxd8 20. Nxb7 Bxb7 21. Bxb7 Rd4 22. b3 Rxf4 23. Rd1 Kf8 24. c5 Ke7 25. c6 Rf5 26. Kb2 Nd5 27. Rxd5 Rf2+ 28. Kc3 exd5 29. c7 Rf1 30. Kd2 Rf2+ 31. Kd3 1-0


[Site "https://www.chess.com"]

[Event "Titled Tuesday Blitz March 21 Late 2023"]
[White "Ben Artzi, Ido"]
[Black "Sargsyan, Shant"]
[WhiteFideId "2810913"]
[BlackFideId "13306766"]
[WhiteElo "2204"]
[BlackElo "2628"]
[Result "0-1"]
[Round "01"]
[TimeControl "180+2"]
[Date "2023.03.21"]
[WhiteClock "0:00:04"]
[BlackClock "0:00:09"]

1. d4 g6 2. c4 Nf6 3. Nc3 Bg7 4. e4 d6 5. f3 O-O 6. Be3 a6 7. Qd2 c6 8. a4 a5 9. Bd3 Na6 10. Rd1 Nb4 11. Bb1 Qc7 12. Nge2 e5 13. O-O exd4 14. Nxd4 Nd7 15. Bh6 Nc5 16. Bxg7 Kxg7 17. f4 Qe7 18. Rde1 f6 19. e5 dxe5 20. fxe5 f5 21. Qe3 Be6 22. b3 Rad8 23. Nce2 Rd7 24. Nf4 Rfd8 25. Rd1 Kg8 26. Rd2 Bf7 27. Bxf5 Rxd4 28. Rxd4 Rxd4 29. Qxd4 gxf5 30. Rf3 Ne4 31. e6 Bg6 32. Nxg6 hxg6 33. Rh3 Nf6 34. Qe5 Kg7 35. Qb8 Qxe6 36. Qxb7+ Qd7 37. Qxd7+ Nxd7 38. Kf2 Nc5 39. Ke2 Ne4 40. Ke3 Ng5 41. Rg3 Ne4 42. Rh3 Na6 43. Rf3 Kf6 44. Kd4 Nb4 45. g4 c5+ 46. Ke3 Ke5 47. gxf5 gxf5 48. h4 f4+ 49. Ke2 Kf5 50. h5 Ng3+ 51. Kf2 Nxh5 52. Rh3 Kg4 53. Rh1 f3 54. Rg1+ Kf4 55. Rg8 Nd3+ 56. Kf1 Ng3+ 57. Kg1 f2+ 58. Kh2 f1=Q 59. Rf8+ Ke3 0-1


[Site "https://www.chess.com"]

[Event "Titled Tuesday Blitz March 21 Late 2023"]
[White "Sarana, Alexey"]
[Black "Ehlvest, Jaan"]
[WhiteFideId "24133795"]
[BlackFideId "4500016"]
[WhiteElo "2714"]
[BlackElo "2442"]
[Result "0-1"]
[Round "01"]
[TimeControl "180+2"]
[Date "2023.03.21"]
[WhiteClock "0:00:01"]
[BlackClock "0:00:25"]

1. d4 Nf6 2. c4 e6 3. Nc3 Bb4 4. e3 b6 5. Ne2 Bb7 6. a3 Be7 7. d5 O-O 8. Ng3 Re8 9. Be2 d6 10. e4 Nbd7 11. O-O Bf8 12. f4 c6 13. dxe6 Rxe6 14. Bf3 Re8 15. Nf5 Nc5 16. Re1 g6 17. Ng3 Bg7 18. Be3 a5 19. Qc2 a4 20. Rad1 Qc7 21. Bd4 Ba6 22. Nxa4 Nxa4 23. Qxa4 c5 24. Bc3 Bb7 25. Qc2 h5 26. h4 Rad8 27. Qf2 Bc8 28. f5 Bb7 29. Rd3 Qe7 30. b3 Nd7 31. Bxg7 Kxg7 32. Bxh5 Rh8 33. fxg6 fxg6 34. Bxg6 Kxg6 35. Nf5 Qe5 36. Rxd6+ Nf6 37. Rxb6 Bxe4 38. Ng3 Rxh4 39. Rxf6+ Qxf6 40. Qxf6+ Kxf6 41. Nxe4+ Kg6 42. Nxc5 Rd2 43. Re6+ Kf7 44. Re3 Rg4 45. Rf3+ Ke7 46. Rf2 Rgd4 47. Rxd2 Rxd2 48. a4 Rb2 49. a5 Kd6 50. Ne4+ Ke5 51. Nc5 Kd6 52. Nb7+ Kc7 53. a6 Rxb3 54. Kf2 Ra3 55. Nc5 Kc6 56. Ne4 Rxa6 57. Ke3 Ra1 58. g4 Rg1 59. g5 Kd7 60. Kd4 Ke6 61. c5 Rd1+ 62. Kc4 Kf5 63. Nc3 Rd8 64. Nd5 Kxg5 65. Ne7 Rd1 0-1


[Site "https://www.chess.com"]

[Event "Titled Tuesday Blitz March 21 Late 2023"]
[White "Papayan, Oleg"]
[Black "Van Foreest, Jorden"]
[WhiteFideId "4193911"]
[BlackFideId "1039784"]
[WhiteElo "2153"]
[BlackElo "2633"]
[Result "0-1"]
[Round "01"]
[TimeControl "180+2"]
[Date "2023.03.21"]
[WhiteClock "0:00:04"]
[BlackClock "0:01:31"]

1. e4 e5 2. Nf3 Nc6 3. Bb5 a6 4. Bxc6 dxc6 5. O-O Qe7 6. d4 exd4 7. Qxd4 Bg4 8. Bg5 f6 9. Bf4 Bxf3 10. gxf3 Qd7 11. Qe3 Bd6 12. Nc3 Ne7 13. Rad1 O-O 14. Rd3 Ng6 15. Bg3 f5 16. exf5 Qxf5 17. Rfd1 Rae8 18. Ne4 Bxg3 19. hxg3 Ne5 20. Rc3 Nxf3+ 21. Kg2 Nh4+ 22. gxh4 Rxe4 23. Qc5 Qg4+ 24. Rg3 Qxd1 25. Rxg7+ Kxg7 26. Qg5+ Kh8 27. Qh5 Qxh5 0-1


[Site "https://www.chess.com"]

[Event "Titled Tuesday Blitz March 21 Late 2023"]
[White "Deac, Bogdan-Daniel"]
[Black "Ladan, Nicholas"]
[WhiteFideId "1226380"]
[BlackFideId "30918855"]
[WhiteElo "2649"]
[BlackElo "2167"]
[Result "1-0"]
[Round "01"]
[TimeControl "180+2"]
[Date "2023.03.21"]
[WhiteClock "0:01:48"]
[BlackClock "0:00:41"]

1. b3 d5 2. Bb2 Bg4 3. Nf3 Nf6 4. g3 Bxf3 5. exf3 e6 6. Bg2 Nbd7 7. f4 h5 8. h4 Bc5 9. d4 Bb4+ 10. c3 Ba5 11. O-O c5 12. dxc5 Bc7 13. b4 a5 14. a3 b6 15. c6 Nf8 16. Re1 Ne4 17. c4 axb4 18. cxd5 bxa3 19. Bxg7 Rh7 20. Bxf8 Kxf8 21. Bxe4 Qf6 22. Rxa3 Rxa3 23. Nxa3 Rg7 24. d6 Qxh4 25. dxc7 Rxg3+ 26. fxg3 Qxg3+ 27. Bg2 Qxa3 28. c8=Q+ Kg7 29. Qd4+ Kg6 30. Qg8+ Kf5 31. Qg5# 1-0


[Site "https://www.chess.com"]

[Event "Titled Tuesday Blitz March 21 Late 2023"]
[White "Janaszak, Dawid"]
[Black "Alekseenko, Kirill"]
[WhiteFideId "1119206"]
[BlackFideId "4135539"]
[WhiteElo "2220"]
[BlackElo "2683"]
[Result "1-0"]
[Round "01"]
[TimeControl "180+2"]
[Date "2023.03.21"]
[WhiteClock "0:00:54"]
[BlackClock "0:00:37"]

1. e4 e5 2. Nf3 Nc6 3. Nc3 g6 4. d4 exd4 5. Nd5 h6 6. Nxd4 Nf6 7. Nb5 Bd6 8. Nxd6+ cxd6 9. Bf4 Ne5 10. Qd4 O-O 11. Bxh6 Re8 12. O-O-O Nxd5 13. exd5 Kh7 14. Bd2 Qf6 15. Bc3 Qg5+ 16. f4 Qh6 17. Be2 b5 18. Kb1 Nc4 19. Rd3 1-0


[Site "https://www.chess.com"]

[Event "Titled Tuesday Blitz March 21 Late 2023"]
[White "Makhnev, Denis"]
[Black "Goncalves, Davi Sulzbacher"]
[WhiteFideId "13707647"]
[BlackFideId "2154510"]
[WhiteElo "2525"]
[BlackElo "2182"]
[Result "1-0"]
[Round "01"]
[TimeControl "180+2"]
[Date "2023.03.21"]
[WhiteClock "0:00:18"]
[BlackClock "0:00:07"]

1. d4 Nf6 2. c4 g6 3. g3 Bg7 4. Bg2 d5 5. cxd5 Nxd5 6. e4 Nb6 7. Ne2 e5 8. a4 exd4 9. a5 N6d7 10. Nxd4 Nc5 11. Be3 Ne6 12. Qa4+ Bd7 13. Nxe6 fxe6 14. Qb3 Nc6 15. O-O Qf6 16. Nc3 O-O-O 17. Rfd1 a6 18. f4 Qe7 19. e5 Qb4 20. Qxb4 Nxb4 21. Bc5 Bf8 22. Bxf8 Rhxf8 23. Bh3 g5 24. fxg5 Nc6 25. Re1 Nd4 26. Bg4 Nc2 27. Ne4 Nxa1 28. Rxa1 Kb8 29. Nf6 Bc6 30. Rd1 Rxd1+ 31. Bxd1 Rd8 32. Bc2 Rd2 33. Bxh7 Rg2+ 34. Kf1 Rxh2 35. g6 Rh1+ 36. Kf2 Rh2+ 37. Ke3 Rg2 38. Kf4 Rf2+ 39. Kg5 Rf3 40. g4 1-0


[Site "https://www.chess.com"]

[Event "Titled Tuesday Blitz March 21 Late 2023"]
[White "Kretchetov, Alexandre"]
[Black "Bok, Benjamin"]
[WhiteFideId "4124588"]
[BlackFideId "1017063"]
[WhiteElo "2515"]
[BlackElo "2658"]
[Result "0-1"]
[Round "01"]
[TimeControl "180+2"]
[Date "2023.03.21"]
[WhiteClock "0:00:47"]
[BlackClock "0:00:31"]

1. d4 Nf6 2. c4 e6 3. Nc3 Bb4 4. Qc2 d5 5. cxd5 exd5 6. Bg5 h6 7. Bh4 Nc6 8. e3 g5 9. Bg3 h5 10. Bb5 h4 11. Be5 O-O 12. Bxc6 bxc6 13. a3 Bxc3+ 14. bxc3 Ng4 15. Nf3 Qe7 16. h3 Nh6 17. O-O Bf5 18. Qa4 f6 19. Bh2 Qd7 20. Kh1 Rfb8 21. c4 Bd3 22. Rfc1 dxc4 23. Nd2 Rb2 24. Nxc4 Rxf2 25. Rg1 Be4 26. Raf1 Rxf1 27. Rxf1 Qxh3 28. Qc2 Ng4 0-1


[Site "https://www.chess.com"]

[Event "Titled Tuesday Blitz March 21 Late 2023"]
[White "Zhang, Derek"]
[Black "Steinberg, Nitzan"]
[WhiteFideId "2087871"]
[BlackFideId "2801795"]
[WhiteElo "2087"]
[BlackElo "2486"]
[Result "1-0"]
[Round "01"]
[TimeControl "180+2"]
[Date "2023.03.21"]
[WhiteClock "0:00:16"]
[BlackClock "0:00:06"]

1. Nf3 Nf6 2. c4 g6 3. Nc3 Bg7 4. e4 d6 5. d4 O-O 6. h3 c5 7. d5 a6 8. a4 Nbd7 9. Bd3 e5 10. a5 h6 11. Bd2 Rb8 12. Na4 Qe8 13. g4 b5 14. axb6 Nxb6 15. Nxb6 Rxb6 16. Qc1 Kh7 17. g5 hxg5 18. Nxg5+ Kg8 19. Be2 Bd7 20. h4 Nh5 21. Bxh5 gxh5 22. Rg1 Kh8 23. Ra3 f5 24. exf5 Bxf5 25. Rag3 Bf6 26. Ne6 Bxh4 27. R3g2 Rf6 28. Bg5 Bxg5 29. Rxg5 Bg4 30. Rh1 Qf7 31. Rxg4 Rb3 32. Rgh4 Rf5 33. Qh6+ Qh7 34. Qxh7+ Kxh7 35. Rxh5+ Rxh5 36. Rxh5+ Kg6 37. Rh8 Rxb2 38. Ra8 Rc2 39. Rxa6 Rxc4 40. Rxd6 Kf5 41. Rc6 Rc2 42. Nxc5 e4 43. Nb3 Rb2 44. Nd2 Ra2 45. Re6 Ra5 46. Rxe4 Rxd5 47. Re3 Rd4 48. Ke2 Ra4 49. Rb3 Kf4 50. Rc3 Ra2 51. Rc4+ Ke5 52. Kd3 Kd5 53. Rb4 Ra3+ 54. Rb3 Ra2 55. Rb5+ Kc6 56. Rf5 Kd6 57. f4 Ra3+ 58. Kd4 Ke6 59. Re5+ Kf6 60. Nc4 Ra1 61. Ra5 Rd1+ 62. Ke4 Re1+ 63. Ne3 Rh1 64. Ra6+ Ke7 65. Ke5 Re1 66. Ra7+ Kd8 67. Ke4 Re2 68. f5 Ke8 69. f6 Kf8 70. Kf4 Rf2+ 71. Kg5 Rf3 72. Nf5 Rf1 73. Nh6 Rg1+ 74. Ng4 Rg2 75. Kf5 Rg1 76. Ne5 Rf1+ 77. Ke6 Kg8 78. Ra8+ Kh7 79. f7 1-0


[Site "https://www.chess.com"]

[Event "Titled Tuesday Blitz March 21 Late 2023"]
[White "Maghsoodloo, Parham"]
[Black "Roberson, Peter T"]
[WhiteFideId "12539929"]
[BlackFideId "412384"]
[WhiteElo "2647"]
[BlackElo "2346"]
[Result "1-0"]
[Round "01"]
[TimeControl "180+2"]
[Date "2023.03.21"]
[WhiteClock "0:00:20"]
[BlackClock "0:00:08"]

1. d4 e6 2. c4 b6 3. f3 Bb7 4. e4 f5 5. exf5 Nh6 6. Bxh6 Qh4+ 7. g3 Qxh6 8. fxe6 Bd6 9. exd7+ Nxd7 10. Qe2+ Kf7 11. Kf2 Nf6 12. Bh3 Rhe8 13. Qd2 Qh5 14. Nc3 Re7 15. Re1 Rae8 16. Rxe7+ Rxe7 17. Nb5 g5 18. Bf5 g4 19. Nxd6+ cxd6 20. Qf4 gxf3 21. Nxf3 Bxf3 22. Qxf3 Qg5 23. Qf4 Qh5 24. Qf3 Qg5 25. Rd1 h5 26. h4 Qh6 27. d5 Kg7 28. Be6 Ng4+ 29. Bxg4 hxg4 30. Qxg4+ Kh8 31. Kg2 Qe3 32. Rf1 Rg7 33. Rf8+ Kh7 34. Qh5+ Qh6 35. Rh8+ 1-0


[Site "https://www.chess.com"]

[Event "Titled Tuesday Blitz March 21 Late 2023"]
[White "Romero Pallares, Daniel"]
[Black "Martinez Alcantara, Jose Eduardo"]
[WhiteFideId "32025637"]
[BlackFideId "3805662"]
[WhiteElo "2195"]
[BlackElo "2712"]
[Result "0-1"]
[Round "01"]
[TimeControl "180+2"]
[Date "2023.03.21"]
[WhiteClock "0:00:04"]
[BlackClock "0:00:21"]

1. e4 c5 2. Nf3 d6 3. c3 Nf6 4. Be2 g6 5. O-O Bg7 6. Bb5+ Bd7 7. Bxd7+ Nfxd7 8. Re1 O-O 9. d4 Nc6 10. Be3 cxd4 11. cxd4 Nb6 12. Nbd2 Rc8 13. Rc1 Qd7 14. a3 Na5 15. b4 Nac4 16. Nxc4 Nxc4 17. Qb3 d5 18. e5 b5 19. Nd2 a6 20. h3 Rc6 21. Rc2 Rfc8 22. Rec1 e6 23. Nf3 Bf8 24. Ne1 a5 25. Nd3 a4 26. Qa2 Qb7 27. Bf4 Qb8 28. h4 h5 29. Qa1 Be7 30. g3 Qc7 31. Nc5 Qd8 32. Qc3 Qe8 33. Qd3 Kh7 34. Kh2 Kg7 35. Rc3 Qg8 36. Qf3 Qd8 37. Nb7 Qe8 38. Bg5 Bxg5 39. hxg5 Qe7 40. Qf6+ Qxf6 41. gxf6+ Kh6 42. Nd6 Rxd6 43. exd6 Kg5 44. f4+ Kxf6 45. Kg2 Rd8 46. Kf3 Rxd6 47. g4 hxg4+ 48. Kxg4 Rd8 49. Rh1 Kg7 50. Rch3 Kf6 51. Rc3 Rd7 52. Rh8 Rb7 53. Ra8 Nd6 54. Rc6 Nf5 55. Raa6 Nxd4 56. Rcb6 Rc7 57. Ra8 Rc3 58. Rb7 Nf5 59. Rxf7+ Kxf7 60. Ra7+ Kf8 61. Kg5 Ke8 62. Kf6 Rc6 63. Ra8+ Kd7 64. Ra7+ Rc7 65. Ra8 d4 66. Ke5 d3 67. Ra6 d2 68. Rxe6 d1=Q 69. Kf6 Qd4+ 70. Kf7 Kd8+ 71. Kf8 Qh8# 0-1


[Site "https://www.chess.com"]

[Event "Titled Tuesday Blitz March 21 Late 2023"]
[White "Makarian, Rudik"]
[Black "Vaglio Munoz, Jaime"]
[WhiteFideId "44105681"]
[BlackFideId "6500145"]
[WhiteElo "2436"]
[BlackElo "2199"]
[Result "1-0"]
[Round "01"]
[TimeControl "180+2"]
[Date "2023.03.21"]
[WhiteClock "0:01:34"]
[BlackClock "0:01:23"]

1. d4 c6 2. c4 b5 3. cxb5 cxb5 4. e4 Bb7 5. d5 Nf6 6. Nf3 Nxe4 7. Bd3 Qa5+ 8. Nbd2 Bxd5 9. O-O Nxd2 10. Bxd2 Qb6 11. Ne5 Qb7 12. Qg4 Nc6 13. Rfe1 g6 14. Bc3 b4 15. Nxf7 bxc3 16. Nd6+ Kd8 17. Nxb7+ Kc7 18. Nc5 cxb2 19. Qxd7+ Kb6 20. Na4+ Ka5 21. Qxd5+ Kxa4 22. Qb5+ Ka3 23. Qb3# 1-0


[Site "https://www.chess.com"]

[Event "Titled Tuesday Blitz March 21 Late 2023"]
[White "Graif, William"]
[Black "Bachmann, Axel"]
[WhiteFideId "2609835"]
[BlackFideId "3700488"]
[WhiteElo "2205"]
[BlackElo "2605"]
[Result "1-0"]
[Round "01"]
[TimeControl "180+2"]
[Date "2023.03.21"]
[WhiteClock "0:00:40"]
[BlackClock "0:00:21"]

1. e4 Nc6 2. d4 e5 3. Nf3 exd4 4. c3 d3 5. Bxd3 Bc5 6. b4 Bb6 7. a4 a6 8. O-O d6 9. Re1 Nf6 10. Bg5 h6 11. Bh4 g5 12. Bg3 Nh5 13. e5 Nxg3 14. exd6+ Kf8 15. dxc7 Qxc7 16. hxg3 Qxg3 17. Qe2 Bd7 18. Nbd2 Re8 19. Ne4 Qf4 20. Qb2 g4 21. c4 Rg8 22. Nf6 Rxe1+ 23. Rxe1 Be6 24. Nxg8 gxf3 25. Qh8 Qg3 26. Nxh6+ Ke7 27. Nf5+ 1-0


[Site "https://www.chess.com"]